[Event "*** Titled Tuesday Blitz"]
[Site "Chess.com"]
[Date "2021.02.16"]
[Round "2"]
[White "Grineva_Marianna"]
[Black "Zenzo"]
[Result "0-1"]
[WhiteElo "2232"]
[BlackElo "2616"]
[TimeControl "180+1"]
[EndTime "10:18:27 PST"]
[Termination "Zenzo won by resignation"]

1. e4 e5 2. Nf3 Nc6 3. Bb5 a6 4. Ba4 Nge7 5. O-O g6 6. d4 exd4 7. Nxd4 Bg7 8. Be3 O-O 9. c3 b5 10. Bb3 Na5 11. Bc2 Nc4 12. Bc1 c5 13. Nf3 d5 14. exd5 Nxd5 15. Be4 Bb7 16. Re1 Re8 17. Bg5 Qd6 18. Qc2 Nde3 19. Bxe3 Bxe4 20. Qe2 Nxe3 21. fxe3 Bh6 22. Nbd2 Bd3 23. Qf2 Re7 24. e4 Rae8 25.
Rad1 Bc2 26. Rc1 Bxe4 27. Nxe4 Rxe4 28. Rxe4 Rxe4 29. h3 Bxc1 30. Ng5 Be3 31. Nxe4 Bxf2+ 32. Kxf2 Qf4+ 33. Kg1 Qxe4 0-1

[Event "*** Titled Tuesday Blitz"]
[Site "Chess.com"]
[Date "2021.02.16"]
[Round "2"]
[White "Kurkusha"]
[Black "Vuk2000"]
[Result "0-1"]
[WhiteElo "2354"]
[BlackElo "2686"]
[TimeControl "180+1"]
[EndTime "10:18:27 PST"]
[Termination "Vuk2000 won by resignation"]

1. Nf3 Nf6 2. c4 e6 3. Nc3 d5 4. e3 Bb4 5. Qc2 O-O 6. a3 Be7 7. b3 c6 8. Bb2 a5 9. Be2 Nbd7 10. d4 b6 11. O-O Ba6 12. e4 dxe4 13. Nxe4 Nxe4 14.
Qxe4 Qc7 15. Bd3 Nf6 16. Qh4 h6 17. Qh3 a4 18. b4 Nd5 19. Ne5 Nf4 20. Qg3 Nxd3 21.
Qxd3 Bf6 22. Ng4 Be7 23. Qc3 Qf4 24. h3 Bd6 25. d5 f6 26. Rfc1 h5 27. Ne3 cxd5 28.
g3 d4 29. gxf4 dxc3 30. Rxc3 Bxf4 31. Rd1 Rad8 32. Rcd3 Rxd3 33. Rxd3 Bxe3 34. fxe3 Bxc4 35. Rc3 b5 36. Kf2 Rd8 37. Kf3 Rd2 38. Bc1 Rh2 39.
Kg3 Re2 40. Kf3 g5 41. e4 Rh2 42. Kg3 Rh1 43. Be3 h4+ 44. Kg2 Ra1 45. Bd4 Ra2+ 46.
Kf3 Kf7 47. Bf2 Rb2 48. Be3 Kg6 49. Rc1 Rb3 50. Rd1 Rxa3 51. Rd8 Rxe3+ 52. Kxe3 a3 53. Ra8 a2 54. Kf3 f5 55. exf5+ Kxf5 56. Ra6 g4+ 57. hxg4+ Kg5 58. Ra3 e5 59. Ra5 e4+ 60. Kxe4 Kxg4 61. Ra7 h3 62. Kd4 h2 0-1

[Event "*** Titled Tuesday Blitz"]
[Site "Chess.com"]
[Date "2021.02.16"]
[Round "2"]
[White "FoggyMorning"]
[Black "Taktikmonster"]
[Result "1-0"]
[WhiteElo "2610"]
[BlackElo "2338"]
[TimeControl "180+1"]
[EndTime "10:18:28 PST"]
[Termination "FoggyMorning won by resignation"]

1. e4 c5 2. Nf3 d6 3. d4 cxd4 4.
Nxd4 Nf6 5. Nc3 Nc6 6. Bc4 Qb6 7. Nb3 e6 8. Bf4 Qc7 9. Nb5 Qb6 10. Bxd6 Nxe4 11. Nc7+ Kd7 12. Bc5+ Kxc7 13. Bxb6+ axb6 14. Qf3 Nf6 15. O-O-O Bd6 16. Nd4 Nxd4 17. Rxd4 Bd7 18. Rhd1 Bc6 19. Qe3 Rhd8 20. Qg5 Ne8 21. Qh5 Rd7 22.
Qxh7 Rad8 23. c3 e5 24. R4d2 e4 25. g3 Re7 26. Qh4 Nf6 27. b3 e3 28. fxe3 Ba3+ 29. Kc2 Be4+ 30. Bd3 Bf3 31. Qf4+ 1-0

[Event "*** Titled Tuesday Blitz"]
[Site "Chess.com"]
[Date "2021.02.16"]
[Round "2"]
[White "MerryPoppies"]
[Black "GiorgianBarbosa"]
[Result "0-1"]
[WhiteElo "2184"]
[BlackElo "2431"]
[TimeControl "180+1"]
[EndTime "10:18:29 PST"]
[Termination "GiorgianBarbosa won by resignation"]

1. d4 Nf6 2. c4 g6 3. Nc3 d5 4. Nf3 Bg7 5. Bf4 O-O 6. e3 c5 7.
Rc1 cxd4 8. exd4 Nc6 9. Be2 dxc4 10. Bxc4 Bg4 11. d5 Nb4 12. O-O Rc8 13. Bb3 Bf5 14. Nd4 Bd3 15. Re1 Ba6 16. Re3 Rxc3 17. Rexc3 Nfxd5 18.
Bxd5 Nxd5 19. Bc7 Nxc7 20. Rxc7 Qxd4 21. Qxd4 Bxd4 22. b3 e5 23. Re7 Kg7 24. Rcc7 h5 25. g3 Bb6 26. Rcd7 Kf6 27. Kg2 Bc5 0-1

[Event "*** Titled Tuesday Blitz"]
[Site "Chess.com"]
[Date "2021.02.16"]
[Round "2"]
[White "shaheus"]
[Black "j2806"]
[Result "1-0"]
[WhiteElo "2398"]
[BlackElo "2102"]
[TimeControl "180+1"]
[EndTime "10:18:29 PST"]
[Termination "shaheus won by resignation"]

1. e4 c5 2. Nf3 d6 3. c3 Nf6 4. Qb3 e6 5. d3 Nc6 6. g3 Be7 7. Bg2 O-O 8. O-O a6 9. a4 Qc7 10. Bf4 b6 11. Na3 Bb7 12. Nc4 e5 13. Bd2 Bd8 14. Ne3 Ne7 15. Rfc1 d5 16. exd5 Nexd5 17. Nc4 Nd7 18. Re1 f6 19. d4 cxd4 20. cxd4 exd4 21. Nxd4 Nc5 22. Qa2 Be7 23. Ne3 Rad8 24. Nxd5 Bxd5 25. Bxd5+ Kh8 26. Bf4 Bd6 27. Ne6 Nxe6 28. Bxd6 Qxd6 29.
Bxe6 Qc5 30. Rac1 Qb4 31. Qb3 Qa5 32. Red1 Rde8 33. Rd7 Qe5 34. Bg4 Re7 35. Rxe7 Qxe7 36. Bf3 Qe5 37. Kg2 h6 38. Qxb6 Rg8 39. Rc7 a5 40.
Rc5 Qd4 41. Qxa5 Qxb2 42. Qb5 1-0

[Event "*** Titled Tuesday Blitz"]
[Site "Chess.com"]
[Date "2021.02.16"]
[Round "2"]
[White "Aradhya2000"]
[Black "MITerryble"]
[Result "0-1"]
[WhiteElo "2569"]
[BlackElo "2925"]
[TimeControl "180+1"]
[EndTime "10:18:30 PST"]
[Termination "MITerryble won by checkmate"]

1. d4 e6 2. c4 Bb4+ 3. Nd2 Nf6 4. g3 O-O 5. Bg2 a5 6. Nf3 d6 7. O-O Bxd2 8. Bxd2 Qe7 9. Qc2 e5 10. Rfd1 e4 11. Ng5 Bf5 12. f3 exf3 13. Qxf5 fxg2 14. Bc3 Qe3+ 15. Kxg2 Qxe2+ 16. Kh1 h6 17. Nf3 Qxc4 18. d5 Qe4 19. Qf4 Nbd7 20. Rac1 Rfc8 21. Bxf6 Qxf4 22. gxf4 Nxf6 23. Rc4 Kf8 24. Kg2 Ke7 25.
Nd4 Kd7 26. Nf5 h5 27. Kf3 g6 28. Ne3 Re8 29. Rdc1 Rac8 30. f5 g5 31. h3 Re5 32.
Rg1 Rce8 33. Rc3 Nxd5 34. Nxd5 Rxf5+ 35. Kg3 Rxd5 36. Rf1 f5 37. h4 f4+ 38. Kf3 g4+ 39. Kxf4 Rf8+ 40. Ke4 Rxf1 41. Kxd5 Rf4 42. b4 c6+ 43. Rxc6 bxc6# 0-1

[Event "*** Titled Tuesday Blitz"]
[Site "Chess.com"]
[Date "2021.02.16"]
[Round "2"]
[White "nrvisakh"]
[Black "ehrenfeld"]
[Result "1-0"]
[WhiteElo "2774"]
[BlackElo "2501"]
[TimeControl "180+1"]
[EndTime "10:18:30 PST"]
[Termination "nrvisakh won by resignation"]

1. c4 e5 2. Nc3 d6 3. g3 f5 4. Bg2 Nf6 5. Nf3 Be7 6. O-O O-O 7. d4 e4 8. Nd2 c6 9. d5 Na6 10. f3 exf3 11. Nxf3 Ng4 12. h3 Ne5 13. Nxe5 dxe5 14. dxc6 Qb6+ 15. Kh2 bxc6 16. Qb3 Bd7 17. Qxb6 axb6 18.
Be3 Bc5 19. Rad1 Rad8 20. Bg5 Bd4 21. e3 Bxc3 22. bxc3 Nc5 23. Bxd8 Rxd8 24. Bxc6 1-0

[Event "*** Titled Tuesday Blitz"]
[Site "Chess.com"]
[Date "2021.02.16"]
[Round "2"]
[White "Triumphmate"]
[Black "bocah_sakit"]
[Result "0-1"]
[WhiteElo "2365"]
[BlackElo "2846"]
[TimeControl "180+1"]
[EndTime "10:18:30 PST"]
[Termination "bocah_sakit won by resignation"]

1. e4 c5 2. Nf3 Nc6 3. d4 cxd4 4. Nxd4 g6 5. f4 Bg7 6. Nf3 d6 7. Nc3 Nf6 8. Bd3 O-O 9. O-O Nd7 10. Kh1 Nc5 11. Qe1 Nb4 12. Qe2 a5 13. Bd2 b6 14.
a3 Nbxd3 15. cxd3 Ba6 16. Ne1 e6 17. f5 exf5 18. exf5 Nb3 19. Rd1 Nd4 20. Qg4 Nxf5 21. Ne4 h5 22. Qf3 Bb7 23. Bc3 Nd4 24. Nf6+ Bxf6 25.
Qxb7 Nf5 26. Nf3 Bxc3 27. bxc3 Ne3 28. Rde1 Nxf1 29. Rxf1 Rc8 30. c4 Qc7 31. Qe4 Rce8 32. Qf4 Kg7 33. Ng5 f6 34. Ne4 Re5 35. Qg3 Qe7 36.
h3 d5 37. cxd5 Rxd5 38. Qf3 Rf5 39. Qe2 Rxf1+ 40. Qxf1 Qxa3 41. Ng3 Qd6 42. Qe2 Qxg3 0-1

[Event "*** Titled Tuesday Blitz"]
[Site "Chess.com"]
[Date "2021.02.16"]
[Round "2"]
[White "ukchessbomber"]
[Black "QuintilianoR"]
[Result "0-1"]
[WhiteElo "2481"]
[BlackElo "2717"]
[TimeControl "180+1"]
[EndTime "10:18:32 PST"]
[Termination "QuintilianoR won on time"]

1. d4 Nf6 2. c4 e6 3. Nc3 Bb4 4. a3 Bxc3+ 5. bxc3 c5 6. f3 Nc6 7. e4 d5 8. e5 Nd7 9. cxd5 exd5 10. Bd3 cxd4 11.
Ne2 dxc3 12. f4 d4 13. O-O Nc5 14. a4 Nxd3 15. Qxd3 O-O 16. Ba3 Re8 17. Bd6 Bg4 18. Ng3 a5 19. h3 Bd7 20. Nh5 Qh4 21. g4 Nb4 22. Qf3 Bc6 23. Qe2 Qxh3 24. Qh2 Qxg4+ 25. Ng3 Re6 26. Kf2 Nd3+ 27. Kg1 Rh6 0-1

[Event "*** Titled Tuesday Blitz"]
[Site "Chess.com"]
[Date "2021.02.16"]
[Round "2"]
[White "Soledadense88"]
[Black "Tpros"]
[Result "0-1"]
[WhiteElo "2295"]
[BlackElo "2477"]
[TimeControl "180+1"]
[EndTime "10:18:32 PST"]
[Termination "Tpros won on time"]

1. e4 c5 2. Nf3 a6 3. d4 cxd4 4.
c3 dxc3 5. Nxc3 e6 6. Bc4 Nc6 7. O-O Nge7 8. Qe2 Ng6 9. Rd1 Bc5 10. Bg5 f6 11. Be3 Qe7 12. Bb3 b5 13. Rac1 Bxe3 14. Qxe3 Na5 15. h4 Nxb3 16. axb3 O-O 17. h5 Ne5 18. Nh2 Bb7 19. f4 Nf7 20. Ne2 Rfc8 21.
Ng4 Qb4 22. Ng3 Rxc1 23. Rxc1 h6 24. Qd3 Bc6 25. Nh2 Re8 26. Nf3 f5 27. exf5 Qxf4 0-1

[Event "*** Titled Tuesday Blitz"]
[Site "Chess.com"]
[Date "2021.02.16"]
[Round "2"]
[White "EugeneRougon"]
[Black "goofypenguin96"]
[Result "1-0"]
[WhiteElo "2728"]
[BlackElo "2356"]
[TimeControl "180+1"]
[EndTime "10:18:34 PST"]
[Termination "EugeneRougon won by checkmate"]

1. e4 c5 2. Nf3 d6 3. d4 cxd4 4. Nxd4 Nf6 5. Nc3 Nc6 6. Bg5 a6 7. Qd2 e6 8. O-O-O h6 9. Nxc6 bxc6 10. Bf4 d5 11. Qe3 Qa5 12. Be2 Bc5 13. Qg3 Rg8 14.
Be5 Nd7 15. Bc7 Bb6 16. Bxb6 Qxb6 17. Rhe1 Rb8 18. exd5 cxd5 19. b3 Nf6 20. Bf3 Bd7 21. Nxd5 Nxd5 22. Rxd5 Rc8 23. Rd2 Qa5 24. Qd6 Bb5 25. Rxe6+ fxe6 26. Qxe6+ Kf8 27. Qxc8+ Kf7 28. Bd5+ Kf6 29. Qe6+ Kg5 30. f4+ Kxf4 31. g3+ Kg5 32. h4+ Kh5 33. Bf3# 1-0

[Event "*** Titled Tuesday Blitz"]
[Site "Chess.com"]
[Date "2021.02.16"]
[Round "2"]
[White "SARGISMV"]
[Black "lelya96"]
[Result "1-0"]
[WhiteElo "2447"]
[BlackElo "2239"]
[TimeControl "180+1"]
[EndTime "10:18:35 PST"]
[Termination "SARGISMV won by resignation"]

1. c4 c6 2. Nc3 d5 3. e3 Nf6 4. Nf3 g6 5. b3 Bg7 6. Bb2 O-O 7.
Be2 Bg4 8. O-O Nbd7 9. h3 Bf5 10. Rc1 e5 11. cxd5 cxd5 12. Nb5 e4 13. Nfd4 Qb6 14.
Nxf5 gxf5 15. Nd4 Ne8 16. Ba3 Nd6 17. Bxd6 Qxd6 18. Nxf5 Qe5 19. Nxg7 Kxg7 20. d4 Qd6 21. f4 Nf6 22. Rc5 b6 23. Rc2 Rac8 24. Qd2 Rg8 25. Rfc1 Rxc2 26. Rxc2 Qe6 27. Qe1 Ne8 28. Qh4 Nd6 29.
Bg4 Qg6 30. Rc6 Kh8 31. Qe7 Nf5 32. Qe5+ f6 33. Rxf6 1-0

[Event "*** Titled Tuesday Blitz"]
[Site "Chess.com"]
[Date "2021.02.16"]
[Round "2"]
[White "EnergeticHay"]
[Black "bylavochka"]
[Result "1-0"]
[WhiteElo "2388"]
[BlackElo "2076"]
[TimeControl "180+1"]
[EndTime "10:18:35 PST"]
[Termination "EnergeticHay won by resignation"]

1. e4 c5 2. b4 cxb4 3. a3 bxa3 4.
Bxa3 d6 5. Nf3 g6 6. Bb2 Nf6 7. Nc3 Bg7 8. d4 O-O 9. Bd3 Nbd7 10. O-O b6 11. e5 dxe5 12. dxe5 Ng4 13. Be4 Rb8 14. e6 fxe6 15. Rxa7 Nc5 16. Qe2 Qd6 17.
g3 Ne5 18. Nxe5 Qxe5 19. Re1 Nxe4 20. Qxe4 Qxe4 21. Rxe4 Bb7 22. Rxe6 Bd4 23. Nd1 Bf3 24. Bxd4 Bxd1 25. Rexe7 Bxc2 1-0

[Event "*** Titled Tuesday Blitz"]
[Site "Chess.com"]
[Date "2021.02.16"]
[Round "2"]
[White "Artyom_ChessMate"]
[Black "AryanTari"]
[Result "0-1"]
[WhiteElo "2554"]
[BlackElo "2907"]
[TimeControl "180+1"]
[EndTime "10:18:36 PST"]
[Termination "AryanTari won on time"]

1. e4 c6 2. d4 d5 3. exd5 cxd5 4.
Bd3 Nc6 5. c3 Qc7 6. Ne2 Bg4 7.
O-O e6 8. Qe1 Be7 9. f3 Bh5 10.
Bf4 Qb6 11. Nd2 Nf6 12. Qh4 O-O 13. Bg5 Bg6 14. Bxg6 hxg6 15. Rab1 e5 16. Kh1 exd4 17. cxd4 Rfe8 18. Nb3 Nb4 19. Nc3 Nxa2 20. Nc5 Nb4 21. f4 Bxc5 22. dxc5 Qxc5 23. Rf3 Nh5 24. g4 d4 25.
gxh5 Qc6 26. Rf1 dxc3 27. bxc3 Nc2 28. hxg6 fxg6 29. Kg1 Ne3 30. R1f2 Nf5 31. Qg4 Re1+ 32. Kg2 Rae8 33. Kh3 R8e3 0-1

[Event "*** Titled Tuesday Blitz"]
[Site "Chess.com"]
[Date "2021.02.16"]
[Round "2"]
[White "safikiet"]
[Black "Ajedrez_con_German"]
[Result "1-0"]
[WhiteElo "2320"]
[BlackElo "2616"]
[TimeControl "180+1"]
[EndTime "10:18:37 PST"]
[Termination "safikiet won on time"]

1. d4 e6 2. c4 Nf6 3. Nc3 Bb4 4. e3 c5 5. a3 Bxc3+ 6. bxc3 Nc6 7. Bd3 d6 8. Nf3 e5 9. Nd2 exd4 10. cxd4 cxd4 11.
exd4 Qe7+ 12. Kf1 Nxd4 13. Bb2 Nc6 14. Qc2 O-O 15. Re1 Be6 16. Bxf6 Qxf6 17. Bxh7+ Kh8 18. Be4 Rac8 19. Qd3 g6 20. Bd5 Ne5 21. Qd4 Bxd5 22. Qxd5 Rc5 23. Qxb7 Nxc4 24. Ne4 Qd4 25. Nxc5 dxc5 26.
h4 Nd2+ 27. Kg1 Kg7 28. h5 Qc3 29. Qe7 Qf6 30. h6+ 1-0

[Event "*** Titled Tuesday Blitz"]
[Site "Chess.com"]
[Date "2021.02.16"]
[Round "2"]
[White "EvgenyT"]
[Black "ZiggyStardust64"]
[Result "1-0"]
[WhiteElo "2939"]
[BlackElo "2582"]
[TimeControl "180+1"]
[EndTime "10:18:38 PST"]
[Termination "EvgenyT won by resignation"]

1. c4 e6 2. Nf3 d5 3. g3 Nf6 4.
Bg2 dxc4 5. O-O a6 6. a4 Nc6 7.
Na3 e5 8. Nxc4 e4 9. Ng5 Bf5 10. f3 Bc5+ 11. e3 exf3 12. Nxf3 Bd3 13. Qb3 Bxf1 14.
Kxf1 O-O 15. d4 Bd6 16. a5 Re8 17. Bd2 Ne4 18. Be1 Rb8 19. Kg1 Qf6 20. Rc1 h5 21.
Qd3 Ng5 22. Nh4 g6 23. Bc3 Nb4 24. Qd2 Na2 25. Rf1 Qe7 26. Bd5 Ne4 27. Qg2 Naxc3 28. Bxf7+ Qxf7 29. Rxf7 Kxf7 30. bxc3 Kg7 31. Ne5 Bxe5 32.
Qxe4 Bf6 33. Qxg6+ 1-0

[Event "*** Titled Tuesday Blitz"]
[Site "Chess.com"]
[Date "2021.02.16"]
[Round "2"]
[White "Happy1712Drummer"]
[Black "BahadirOzen"]
[Result "1-0"]
[WhiteElo "2427"]
[BlackElo "2745"]
[TimeControl "180+1"]
[EndTime "10:18:38 PST"]
[Termination "Happy1712Drummer won by resignation"]

1. Nf3 g6 2. e4 Bg7 3. d4 d6 4. Nc3 Nf6 5. Be3 c6 6. Qd2 Nbd7 7. Bd3 Qc7 8. h3 O-O 9. Bh6 e5 10. Bxg7 Kxg7 11. O-O b5 12. dxe5 dxe5 13. a4 b4 14.
Ne2 a5 15. Qe3 Re8 16. Ng3 Nf8 17. Rfc1 Ne6 18. c3 Rb8 19. cxb4 Rxb4 20. Rc2 Bd7 21. Rac1 Rxa4 22. Bb5 Rb4 23. Bxc6 Bxc6 24. Rxc6 Qb8 25. Nh4 Ng8 26. Nhf5+ gxf5 27. Nxf5+ Kh8 28. Qg3 Rb3 29.
R1c3 Rxc3 30. bxc3 Qa7 31. Rxe6 fxe6 32. Qxe5+ 1-0

[Event "*** Titled Tuesday Blitz"]
[Site "Chess.com"]
[Date "2021.02.16"]
[Round "2"]
[White "cassoulet"]
[Black "hypert"]
[Result "0-1"]
[WhiteElo "2726"]
[BlackElo "2508"]
[TimeControl "180+1"]
[EndTime "10:18:39 PST"]
[Termination "hypert won by resignation"]

1. e4 c5 2. Nf3 e6 3. g3 d5 4. exd5 exd5 5. Bg2 Nf6 6. O-O Nc6 7. d4 Be6 8. Re1 Be7 9. c3 cxd4 10. Nxd4 Nxd4 11. Qxd4 O-O 12. Bg5 h6 13. Bf4 a6 14.
Nd2 Rc8 15. Rad1 Bc5 16. Qd3 Ng4 17. Re2 Qb6 18. Qf3 Nxf2 19. Rxf2 Bxf2+ 20. Qxf2 Qxb2 21. Nf3 Qxf2+ 22. Kxf2 Rxc3 23. Nd4 Rfc8 24. Rb1 b5 25. Bf3 R8c4 26. Be3 Ra4 27. Ne2 Rc2 28. Rd1 Raxa2 29.
Ke1 b4 30. Nc1 Ra3 31. Nd3 b3 32. Nb4 Rc4 33. Nxd5 b2 34. Nb6 Ra1 35. Nxc4 Rxd1+ 36. Bxd1 b1=Q 37. Nd2 Qb4 38. Kf2 a5 0-1

[Event "*** Titled Tuesday Blitz"]
[Site "Chess.com"]
[Date "2021.02.16"]
[Round "2"]
[White "Zubrrr"]
[Black "nonsopolo1"]
[Result "1-0"]
[WhiteElo "2632"]
[BlackElo "2291"]
[TimeControl "180+1"]
[EndTime "10:18:39 PST"]
[Termination "Zubrrr won on time"]

1. d4 Nf6 2. c4 g6 3. g3 Bg7 4. Bg2 O-O 5. Nc3 d6 6. Nf3 Nc6 7. d5 Na5 8. Nd2 c5 9. O-O a6 10. Qc2 Rb8 11. b3 b5 12. Bb2 e6 13. dxe6 Bxe6 14. cxb5 axb5 15. Rfd1 Qe7 16. Nde4 Rfd8 17. Nxf6+ Bxf6 18. Ne4 Bxb2 19. Qxb2 f5 20. Nf6+ Kf7 21. Nd5 Bxd5 22. Bxd5+ Ke8 23. Rd3 Kd7 24. Rad1 Kc7 25.
b4 Nc4 26. Qc2 Ne5 27. Re3 1-0

[Event "*** Titled Tuesday Blitz"]
[Site "Chess.com"]
[Date "2021.02.16"]
[Round "2"]
[White "FredyMatsuura"]
[Black "FontVella8"]
[Result "0-1"]
[WhiteElo "2286"]
[BlackElo "2571"]
[TimeControl "180+1"]
[EndTime "10:18:40 PST"]
[Termination "FontVella8 won on time"]

1. d4 Nf6 2. c4 e6 3. Nf3 Bb4+ 4. Bd2 c5 5. Bxb4 cxb4 6. g3 O-O 7. Bg2 d6 8. O-O Re8 9. a3 bxa3 10. Rxa3 Nc6 11. Nc3 e5 12. dxe5 dxe5 13. Nb5 Be6 14. Nd6 Re7 15.
c5 Rd7 16. Qa4 Ne8 17. Nxb7 Rxb7 18. Qxc6 Rc7 19. Qb5 Rb8 20. Qa4 Rxc5 21. Qxa7 Rcb5 22. e3 f6 23. Qa6 Bf7 24. Bh3 Nc7 25. Qc6 Bd5 26. Qd7 Qxd7 27. Bxd7 Bxf3 28. Bxb5 Rxb5 29. Ra7 Rc5 30. h3 Kf7 31. b4 Rc2 32. b5 Kg6 33. b6 Ne6 34. Rb1 Rc8 35. g4 Ng5 36. Kh2 h5 0-1

[Event "*** Titled Tuesday Blitz"]
[Site "Chess.com"]
[Date "2021.02.16"]
[Round "2"]
[White "korkmaz16"]
[Black "tusplingher"]
[Result "0-1"]
[WhiteElo "2405"]
[BlackElo "2425"]
[TimeControl "180+1"]
[EndTime "10:18:40 PST"]
[Termination "tusplingher won on time"]

1. e4 c5 2. Nc3 Nc6 3. f4 g6 4. Nf3 Bg7 5. Bb5 Nd4 6. O-O Nxb5 7. Nxb5 Nf6 8. e5 Nd5 9. d4 Nc7 10. Nxc7+ Qxc7 11. d5 O-O 12. c4 d6 13. b3 dxe5 14. Nxe5 Bxe5 15. fxe5 Qxe5 16. Rb1 Bf5 17. Rb2 e6 18. Re1 Qg7 19. d6 Rad8 20. Rd2 e5 21. Rd5 f6 22. Rxc5 Qd7 23. Rd5 Be6 24. Rd2 Qc6 25.
Ba3 Rd7 26. Qe2 Qb6+ 27. c5 Qa5 28. c6 bxc6 29. Bb2 Qc5+ 30. Qf2 Qb4 31. Qh4 Qxh4 0-1

[Event "*** Titled Tuesday Blitz"]
[Site "Chess.com"]
[Date "2021.02.16"]
[Round "2"]
[White "Fighter008"]
[Black "ChessWarrior7197"]
[Result "0-1"]
[WhiteElo "2584"]
[BlackElo "2950"]
[TimeControl "180+1"]
[EndTime "10:18:41 PST"]
[Termination "ChessWarrior7197 won by resignation"]

1. e4 c6 2. Nc3 d5 3. Nf3 dxe4 4.
Nxe4 Nf6 5. Qe2 Nxe4 6. Qxe4 Nd7 7. Bc4 Nf6 8. Ne5 e6 9. Qe2 b5 10. Bb3 Bd6 11. d4 Qc7 12. Bg5 Nd5 13. Bd2 O-O 14.
O-O a5 15. a4 b4 16. Bc4 c5 17.
c3 Bb7 18. h3 bxc3 19. bxc3 cxd4 20. cxd4 Bb4 21. Rac1 Qd6 22. Bd3 Rac8 23. Qh5 Nf6 24. Bxb4 Qd5 25. Qg5 axb4 26. Rxc8 Rxc8 27. Rd1 b3 28.
Bb1 b2 29. f3 Rc1 30. Qd2 Bc6 31. Kh2 Bxa4 32. Rxc1 bxc1=Q 33. Qxc1 Qxd4 34. Ng4 Qd6+ 35. Kg1 Nd7 36. Nf2 g6 37. Ne4 Qd4+ 38. Kh2 Kg7 39. Qa3 Bc6 40. Ng3 Qe5 41. Be4 Bxe4 42. fxe4 Nf6 43.
Kh1 h5 44. Qf3 h4 0-1

[Event "*** Titled Tuesday Blitz"]
[Site "Chess.com"]
[Date "2021.02.16"]
[Round "2"]
[White "Isajevsky_Anton"]
[Black "DrVelja"]
[Result "0-1"]
[WhiteElo "2539"]
[BlackElo "2879"]
[TimeControl "180+1"]
[EndTime "10:18:41 PST"]
[Termination "DrVelja won on time"]

1. c4 Nf6 2. Nc3 g6 3. g3 Bg7 4. Bg2 O-O 5. e3 d6 6. Nge2 e5 7. O-O Nc6 8. d3 a5 9. Rb1 Be6 10. Nd5 Rb8 11. a3 Ne7 12. e4 b5 13. Nec3 c6 14. Nxf6+ Bxf6 15. cxb5 cxb5 16. b4 axb4 17.
Rxb4 d5 18. Nxb5 dxe4 19. dxe4 Nc6 20. Rb2 Bc4 21. a4 Bxf1 22. Qxf1 Nd4 23. Be3 Bg5 24. f4 Bf6 25. Bxd4 exd4 26. e5 Be7 27. Qd3 Qa5 28.
Ra2 Rfc8 29. Bf1 Rc1 30. Kg2 Qe1 31. Rf2 Ra1 32. Qxd4 Rc8 33. Nd6 Rc2 34. Ne4 Qxf1+ 0-1

[Event "*** Titled Tuesday Blitz"]
[Site "Chess.com"]
[Date "2021.02.16"]
[Round "2"]
[White "AttractiveMustard"]
[Black "AungTZ"]
[Result "1-0"]
[WhiteElo "2384"]
[BlackElo "2025"]
[TimeControl "180+1"]
[EndTime "10:18:41 PST"]
[Termination "AttractiveMustard won by resignation"]

1. e4 c5 2. Nf3 Nc6 3. d4 cxd4 4. Nxd4 Nf6 5. Nc3 d6 6. Bg5 e6 7. Qd2 a6 8. O-O-O h6 9. Nxc6 bxc6 10. Bf4 d5 11.
Qe3 Be7 12. Be2 O-O 13. e5 Nd7 14. h4 f5 15. Rh3 Kh7 16. Rg3 Nc5 17. Bh5 Ne4 18. Nxe4 fxe4 19. Bg6+ Kg8 20. Bxh6 Bxh4 21. Rh1 Bxg3 22. Qxg3 1-0

[Event "*** Titled Tuesday Blitz"]
[Site "Chess.com"]
[Date "2021.02.16"]
[Round "2"]
[White "digilik"]
[Black "Korchmar_Vasiliy"]
[Result "0-1"]
[WhiteElo "2248"]
[BlackElo "2621"]
[TimeControl "180+1"]
[EndTime "10:18:42 PST"]
[Termination "Korchmar_Vasiliy won on time"]

1. e4 c5 2. Nf3 d6 3. d4 cxd4 4. Nxd4 Nf6 5. Nc3 Nc6 6. f3 e5 7.
Nb3 Be7 8. Be3 O-O 9. Qd2 Be6 10. O-O-O a5 11. Bb5 Nb4 12. a3 d5 13. axb4 d4 14. Nxd4 exd4 15. Qxd4 Qc8 16. bxa5 Rxa5 17. b4 Ra8 18.
Nd5 Bxd5 19. exd5 Nxd5 20. c4 Nxe3 21. Qxe3 Bxb4 22. Kb1 Ra3 23. Rd3 Qf5 24. Rd1 Rd8 0-1

[Event "*** Titled Tuesday Blitz"]
[Site "Chess.com"]
[Date "2021.02.16"]
[Round "2"]
[White "eduardoperalta"]
[Black "LenkaPtacnikova"]
[Result "1-0"]
[WhiteElo "2408"]
[BlackElo "2111"]
[TimeControl "180+1"]
[EndTime "10:18:42 PST"]
[Termination "eduardoperalta won on time"]

1. d4 Nf6 2. c4 e6 3. Nf3 Bb4+ 4. Nc3 O-O 5. e3 d5 6. Bd3 dxc4 7. Bxc4 c5 8. O-O Nc6 9. a3 cxd4 10. exd4 Bxc3 11. bxc3 Na5 12. Bd3 Qc7 13. Bd2 Bd7 14. Ne5 Rac8 15. Rb1 b6 16. Ba6 Rcd8 17. Qe2 Ba4 18. f4 Bc2 19. Rb2 Be4 20. g4 Ba8 21. f5 exf5 22. Rxf5 Nd5 23. Rc2 Nb3 24. Bd3 Nxd2 25. Qxd2 g6 26.
Rf1 Qb7 27. Be4 Qe7 28. Qh6 Qxa3 29. g5 Qe7 30. Bxd5 Rxd5 31. Ng4 Rxg5 32. h3 f5 33. Rcf2 Be4 34. Kh2 Qd6+ 35. Ne5 Rc8 36. Qxg5 1-0

[Event "*** Titled Tuesday Blitz"]
[Site "Chess.com"]
[Date "2021.02.16"]
[Round "2"]
[White "fish7728"]
[Black "JoliyRoger"]
[Result "0-1"]
[WhiteElo "2193"]
[BlackElo "2434"]
[TimeControl "180+1"]
[EndTime "10:18:43 PST"]
[Termination "JoliyRoger won by resignation"]

1. d4 Nf6 2. c4 e6 3. Nc3 Bb4 4. f3 c5 5. d5 d6 6. e4 h6 7. Bd3 Nbd7 8. Ne2 Ne5 9. O-O O-O 10.
f4 Nxd3 11. Qxd3 exd5 12. cxd5 Re8 13. a3 Ba5 14. Ng3 Bd7 15. Bd2 Rc8 16. Rae1 Bb6 17. Kh1 c4 18. Qc2 Ng4 19. Rf3 Qh4 20. Nf1 Nf2+ 21. Rxf2 Bxf2 22. Re2 Bd4 23. Be3 Bxe3 24. Rxe3 Qxf4 25. Rf3 Qe5 26. Ne3 b5 27. Qf2 f6 28.
Nf5 a5 29. Qh4 Bxf5 30. Rxf5 Qd4 31. h3 b4 32. Ne2 Qxe4 33. Nf4 Qxf5 0-1

[Event "*** Titled Tuesday Blitz"]
[Site "Chess.com"]
[Date "2021.02.16"]
[Round "2"]
[White "onnoelgersma"]
[Black "IngOscarArdila"]
[Result "1-0"]
[WhiteElo "2422"]
[BlackElo "2143"]
[TimeControl "180+1"]
[EndTime "10:18:43 PST"]
[Termination "onnoelgersma won by resignation"]

1. e4 e5 2. Nf3 Nf6 3. Nc3 Nc6 4.
Bb5 Bb4 5. d3 d6 6. O-O O-O 7.
h3 Bxc3 8. bxc3 Qe7 9. c4 Nd8 10. Ba4 Ne6 11. Re1 h6 12. c3 Rd8 13. d4 Nf8 14.
Bc2 c5 15. a4 Ng6 16. a5 Bd7 17. Rb1 Rab8 18. Ba3 b6 19. Bc1 Bc6 20. d5 Bd7 21.
axb6 axb6 22. Ba4 Bc8 23. Bc6 Nh5 24. Ra1 Nhf4 25. Kh2 Qf6 26. Ra7 Nh4 27. Nxh4 Qxh4 28. Qf3 g5 29. Qg3 Qxg3+ 30. fxg3 Nd3 31. Rf1 Nxc1 32.
Rxc1 f5 33. exf5 Bxf5 34. Rf1 Rf8 35. g4 Bc2 36. Rxf8+ Rxf8 37. Rd7 Rf6 38. Rb7 Bd3 39. Bd7 Rf2 40. Be6+ Kh8 41. Kg1 Rc2 42. Rxb6 Be4 43. Rxd6 Rxg2+ 44. Kf1 Rc2 45. Rd8+ Kg7 46. d6 Kf6 47. d7 Rd2 48. Re8 Bg2+ 49. Ke1 Rd6 50. d8=Q+ Rxd8 51. Rxd8 Kxe6 52. Rc8 Kd6 53. Rh8 Bxh3 54.
Rxh6+ 1-0

[Event "*** Titled Tuesday Blitz"]
[Site "Chess.com"]
[Date "2021.02.16"]
[Round "2"]
[White "noamapplesauce"]
[Black "mr_gustavo"]
[Result "1-0"]
[WhiteElo "2126"]
[BlackElo "2389"]
[TimeControl "180+1"]
[EndTime "10:18:43 PST"]
[Termination "noamapplesauce won by resignation"]

1. e4 c5 2. Nf3 d6 3. Bb5+ Bd7 4. Bxd7+ Qxd7 5. O-O Nf6 6. Qe2 Nc6 7. Rd1 e6 8.
d4 cxd4 9. Nxd4 Nxd4 10. Rxd4 Qc6 11. c4 Be7 12. Nc3 O-O 13. Rd1 Rac8 14. b3 b5 15. Nxb5 Qxe4 16. Qxe4 Nxe4 17. Nxa7 Ra8 18. Nb5 Bf6 19. Rb1 Rxa2 20. f3 Nc3 21. Nxc3 Bxc3 22. Rxd6 Bb4 23. Rd7 Rfa8 24. Be3 Re2 25. Rb7 Rxe3 26.
Rxb4 Re2 27. Kf1 Rc2 28. Re1 g6 29. Re2 Ra1+ 30. Kf2 Rc3 31. Rb2 Kg7 32. Rb7 Kf6 33.
Rc7 Rcc1 34. b4 Rf1+ 35. Ke3 Rfe1+ 36. Kd4 e5+ 37. Kc5 Ke6 38. b5 f5 39. b6 Ra5+ 40. Kb4 Ra8 41. b7 Rb8 42. Kc5 1-0